 Dungeon Crawl Stone Soup version 0.31.0-9-g3a7656b989 (webtiles) character file.

Game seed: 13661247468253619223

208 EnegeticOcto the Gusty (level 5, -16/28 HPs)
             Began as a Tengu Air Elementalist on Feb 4, 2024.
             Demolished by Pikel
             ... wielding a +0 whip of electrocution
              (19 damage)
             ... on level 4 of the Dungeon.
             The game lasted 00:04:32 (1044 turns).

EnegeticOcto the Gusty (Tengu Air Elementalist)     Turns: 1044, Time: 00:04:33

Health: -16/28     AC:  2    Str:  8    XL:     5   Next: 86%
Magic:  5/11       EV: 13    Int: 18    God:
Gold:   97         SH:  0    Dex: 20    Spells: 4/11 levels left

rFire   . . .        c - +3 whip (elec)
rCold   . . .        (no shield)
rNeg    . . .        a - +0 robe
rPois   .            (helmet restricted)
rElec   .            (no cloak)
rCorr   .            (no gloves)
SInv    .            (boots unavailable)
Will    .....        (no amulet)
Stlth   ++           d - +6 ring of dexterity
HPRegen 0.24/turn    (no ring)
MPRegen 0.12/turn

%: acrobat
@: no status effects
A: beak, talons 3, acrobatic
a: no special abilities


You were on level 4 of the Dungeon.
You visited 1 branch of the dungeon, and saw 5 of its levels.

You collected 97 gold pieces.

Inventory:

Hand Weapons
 c - a +3 whip of electrocution (weapon)
   (You found it on level 1 of the Dungeon)
Missiles
 g - 2 curare-tipped darts
Armour
 a - a +0 robe (worn)
Jewellery
 d - a +6 ring of dexterity (left hand)
   (You found it on level 2 of the Dungeon)
Scrolls
 f - a scroll of teleportation {unknown}
Potions
 b - a potion of magic
 e - a potion of mutation


   Skills:
 + Level 0.0 Fighting
 - Level 2.1 Dodging
 - Level 2.0 Stealth
 + Level 3.5 Spellcasting
 - Level 4.2 Conjurations
 + Level 5.7 Air Magic


You had 4 spell levels left.
You knew the following spells:

 Your Spells              Type           Power      Damage    Failure   Level
a - Shock                 Conj/Air       84%        1d8       1%          1
b - Static Discharge      Conj/Air       42%        3-5/arc   3%          2
c - Airstrike             Air            12%        2d(2-18)  14%         4

Your spell library contained the following spells:

 Spells                   Type           Power      Damage    Failure   Level
 Swiftness                Air            24%        N/A       4%          3
 Ensorcelled Hibernation  Hex/Ice        6%         N/A       24%         2
 Fugue of the Fallen      Necr           3%         N/A       43%         3
 Anguish                  Hex/Necr       1%         N/A       83%         4


Dungeon Overview and Level Annotations

Branches:
Dungeon (5/15) Zot: 26993
 Temple: D:4-7

Altars:
Uskayaw

Annotations:
D:4 Pikel


Innate Abilities, Weirdness & Mutations

You have a beak for a mouth.
You have claws for feet.
You can magically evade attacks while moving or waiting.


Message History

The endoplasm freezes you.
You are frozen.
You hit the endoplasm.
You kill the endoplasm!
Unknown command.
An orc comes into view. It is wielding a +0 short sword.
An orc comes into view.
It is wielding a +0 whip. 2 orcs come into view.
The orc priest shouts!
The orc shouts! x2; The orc wizard shouts!
The orc shouts!
The orc priest invokes the aid of Beogh against you.
Beogh smites you! The orc hits you with a +0 short sword.
There is an open door here.
The orc attacks as it pursues you! The orc closely misses you.
The orc wizard mumbles some strange words.
The orc wizard flickers and vanishes!
Deactivating autopickup; reactivate with Ctrl-A.
The orc attacks as it pursues you! The orc completely misses you.
You hear a shout!
Casting: Shock (safe; 1% risk of failure)
Confirm with . or Enter, or press ? or * to list all spells.
The orc is struck by an arc of lightning!
You kill the orc!
You are struck by an arc of lightning.
You see here a hobgoblin skeleton.
There is a stone staircase leading up here.
You start resting.
HP restored.
What are your orders? t - Shout!
Orders for allies: a - Attack new target. r - Retreat! s - Stop attacking. g - Guard the area. f - Follow me.
Anything else - Cancel.
You shout for attention!
You start waiting.
Done waiting.
Found a stone staircase leading down.
There is a stone staircase leading up here.
You climb upwards.
Reactivating autopickup.
Found 8 stones.
There is a stone staircase leading down here.
Found 14 gold pieces.
You now have 97 gold pieces (gained 14).
Found a scroll labelled LESHUNG YMIVAR.
Found an encrusted ring mail.
f - a scroll labelled LESHUNG YMIVAR You see here the +1 ring mail "Taippet" {rF- rC+++ Str+6 Dex-5}.
(D) Dungeon
Where to? (Tab/Enter - D:4, ? - help)
There is a stone staircase leading down here.
You climb downwards.
There is a stone staircase leading up here.
Found a stone staircase leading down.
There is a stone staircase leading down here.
(D) Dungeon
Where to? (Tab/Enter - D:4, ? - help)
There is a stone staircase leading down here.
You climb downwards.
The lemure shouts! x4; You hear a shout!
You hear an angry hiss.
You hear a bellow!
Found an escape hatch in the floor and an escape hatch in the ceiling.
Found a stone staircase leading down.
There is a stone staircase leading up here.
There are monsters nearby!
Pikel cracks his whip.
Pikel closely misses you.
You climb upwards.
There is a stone staircase leading down here.
Casting: Static Discharge (safe; 3% risk of failure)
Confirm with . or Enter, or press ? or * to list all spells.
Pikel is struck by an arc of lightning.
Pikel is lightly wounded.
You are struck by an arc of lightning.
Pikel is struck by an arc of lightning.
Pikel is lightly wounded.
You are struck by an arc of lightning.
The lightning grounds out.
Pikel hits you with a +0 whip of electrocution!
Casting: Static Discharge (safe; 3% risk of failure)
Confirm with . or Enter, or press ? or * to list all spells.
Pikel is struck by an arc of lightning.
Pikel is moderately wounded.
You are struck by an arc of lightning.
Pikel is struck by an arc of lightning.
Pikel is heavily wounded.
You are struck by an arc of lightning.
* * * LOW HITPOINT WARNING * * *
The lightning grounds out.
Pikel barely misses you.
Casting: Static Discharge (safe; 3% risk of failure)
Confirm with . or Enter, or press ? or * to list all spells.
Pikel is struck by an arc of lightning.
Pikel is heavily wounded.
You are struck by an arc of lightning.
* * * LOW HITPOINT WARNING * * *
The lightning grounds out.
Pikel hits you with a +0 whip of electrocution.
* * * LOW HITPOINT WARNING * * *
You are electrocuted!!
Ouch! That really hurt!
You die...
Pikel says, "See you in Hell!"

### ##.##
########...##
########...........#
#..@K....######...##
#.######## ##.## #.
#.# #. #.# #. #.###
.. ##########.... ..
..>....<....## ##
###.####.#.## #.#.#


You could see Pikel.

Vanquished Creatures
  Sigmund (D:4)
  A gnoll (D:1)
  2 adders
  2 orcs (D:4)
  3 endoplasms
  2 giant cockroaches
  2 goblins (D:1)
  3 hobgoblins
  3 quokkas (D:1)
  A ball python (D:2)
  4 bats (D:1)
  A frilled lizard (D:2)
  8 rats
33 creatures vanquished.

Notes
Turn   | Place    | Note
-------+----------+-------------------------------------------
     0 | D:1      | EnegeticOcto the Tengu Air Elementalist began the quest for
                  | the Orb.
     0 | D:1      | Reached XP level 1. HP: 10/10 MP: 4/4
   129 | D:1      | Reached skill level 2 in Conjurations
   129 | D:1      | Reached XP level 2. HP: 15/15 MP: 0/6
   200 | D:1      | Reached XP level 3. HP: 16/19 MP: 7/7
   219 | D:1      | Learned a level 2 spell: Static Discharge
   600 | D:4      | Found a hide-covered altar of Uskayaw.
   620 | D:4      | Reached XP level 4. HP: 14/24 MP: 4/9
   680 | D:4      | Noticed Sigmund
   692 | D:4      | Killed Sigmund
   693 | D:4      | Reached skill level 3 in Spellcasting
   693 | D:4      | Reached skill level 4 in Conjurations
   693 | D:4      | Reached skill level 5 in Air Magic
   693 | D:4      | Reached XP level 5. HP: 14/28 MP: 1/11
   714 | D:3      | Learned a level 4 spell: Airstrike
   998 | D:3      | Identified the +1 ring mail "Taippet" {rF- rC+++ Str+6
                  | Dex-5}
  1039 | D:5      | Entered Level 5 of the Dungeon
  1039 | D:5      | Noticed Pikel
  1039 | D:5      | Noticed a lemure
  1039 | D:5      | Noticed a lemure
  1039 | D:5      | Noticed a lemure
  1039 | D:5      | Noticed a lemure
  1044 | D:4      | Demolished by Pikel

Illustrated notes

Levels and vault maps discovered:
D:1:      lemuel_arrival_muddy, layout_loops_ring, skrybe_limestone_x
D:2:      wander_river, layout_loops_ring
D:3:      wad_river_or_something, layout_basic, eino_tiny_chamber, uniq_ijyb,
          uniq_grinder
D:4:      layout_loops_ring, nicolae_uskayaw_murder_on_the_dancefloor,
          mainiacjoe_overflow_24_doors, nicolae_shop_overcharged_wands,
          uniq_sigmund
D:5:      layout_rooms, mainiacjoe_overflow_small_starburst,
          yredelemnul_altar_generic, kennysheep_cluttered_room, uniq_menkaure,
          uniq_pikel

Skill      XL: |  1  2  3  4 |
---------------+-------------+-----
Conjurations   | 2 4 |  4.2
Spellcasting   | 3 |  3.5
Air Magic      | 5 |  5.7
Dodging        | |  2.1
Stealth        | |  2.0

Action                     |  1- 3 |  4- 6 || total
---------------------------+-------+-------++-------
  Melee: Whip              |    34 |     3 ||    37
         Kick              |     7 |     1 ||     8
         Peck              |     3 |     1 ||     4
         Punch             |     1 |       ||     1
   Cast: Shock             |    29 |     2 ||    31
         Static Discharge  |     4 |     7 ||    11
    Use: Scroll            |     3 |       ||     3
 Armour: Robe              |    18 |    14 ||    32
  Dodge: Dodged            |    34 |     7 ||    41

Table legend:
 A = Kills in this place as a percentage of kills in the entire game.
 B = Kills by you in this place as a percentage of kills by you in the entire game.
 C = Kills by friends in this place as a percentage of kills by friends in the entire game.
 D = Other kills in this place as a percentage of other kills in the entire game.
 E = Experience gained in this place as a percentage of experience gained in the entire game.
 F = Experience gained in this place divided by the number of levels of this place that you have seen.
                   A       B       C       D       E      F
               +-------+-------+-------+-------+-------+----------------------
         Total | 100.0 | 100.0 |   N/A |   N/A | 100.0 |  59.6
       Dungeon | 100.0 | 100.0 |   N/A |   N/A | 100.0 |  59.6
               +-------+-------+-------+-------+-------+----------------------

Table legend: (Time is in decaauts)
 A = Elapsed time spent in this place.
 B = Non-inter-level travel time spent in this place.
 C = Inter-level travel time spent in this place.
 D = Time resting spent in this place.
 E = Time spent auto-exploring this place.
 F = Levels seen in this place.
 G = Mean time per level.
                   A        B        C        D        E       F      G
               +--------+--------+--------+--------+--------+-----+--------+
         Total |   1051 |   1036 |     15 |    293 |     11 |   5 |  210.2 |
       Dungeon |   1051 |   1036 |     15 |    293 |     11 |   5 |  210.2 |
               +--------+--------+--------+--------+--------+-----+--------+

Top non-repeatable levels by time:
     D:4: 355 daAuts
     D:1: 311 daAuts
     D:2: 232 daAuts
     D:3: 151 daAuts
     D:5: 1 daAuts
